 Dungeon Crawl Stone Soup version 0.32-a0-921-g04a7ad8e02 (webtiles) character file.

Game seed: 5461436972747327964

1597539 EnegeticOcto the Coglin Barricade (level 27, 201/201 HPs)
             Began as a Coglin Wanderer on Apr 9, 2024.
             Was the Champion of Vehumet.
             Escaped with the Orb
             ... and 4 runes on Apr 12, 2024!
             The game lasted 03:57:08 (153303 turns).

EnegeticOcto the Coglin Barricade (CoWn)          Turns: 153303, Time: 03:57:08

Health: 201/201    AC: 16    Str: 14    XL:     27
Magic:  39/39      EV: 11    Int: 27    God:    Vehumet [******]
Gold:   7687       SH: 32    Dex: 17    Spells: 9/59 levels left

rFire   + . .        b - staff "Hiwec" {rElec SInv Air}
rCold   + + .        v - +7 tower shield
rNeg    . . .        U - +4 ring mail of Kubias {rC+ Regen+}
rPois   +            r - +2 hat {Int+3}
rElec   +            B - scarf {harm}
rCorr   .            O - +2 pair of gloves {Dex+3}
SInv    +            d - +2 pair of boots
Will    +++..        (amulet unavailable)
Stlth   +            (ring unavailable)
HPRegen 2.13/turn    (ring unavailable)
MPRegen 0.26/turn    o
                       - NW-10 megasamoflange {rF+ Will+ Clar RMsl}

%: harm (+30% outgoing, +20% incoming), repel missiles, clarity
@: no status effects
A: off-hand wielding, slow wielding, warmup strikes, no jewellery, horns 2, cold
resistance 1, deformed body, frail 1, low MP 1, poison resistance, regeneration
1, screaming 1, subdued magic 1, inability to read after injury 1
0: Orb of Zot
}: 4/15 runes: barnacled, slimy, silver, gossamer
a: Renounce Religion


You escaped.
You worshipped Vehumet.
Vehumet was exalted by your worship.
You visited 11 branches of the dungeon, and saw 55 of its levels.
You visited 1 ziggurat, and saw 5 of its levels.
You also visited: Trove and Gauntlet.

You collected 10878 gold pieces.
You spent 3191 gold pieces at shops.

Inventory:

Hand Weapons
 e - the +6 dagger of Abuse {drain, Fly rElec rPois rC- Dex-3}
   (You bought it in a shop on level 2 of the Orcish Mines)

   Dex-3:     It affects your dexterity (-3).
   rC-:       It makes you vulnerable to cold.
   rElec:     It insulates you from electricity.
   rPois:     It protects you from poison.
   Fly:       It grants you flight.
 E - the +8 morningstar of Ycafel {elec, rPois rF+}
   (You took it off a deep elf sorcerer on level 5 of the Vaults)

   rF+:       It protects you from fire.
   rPois:     It protects you from poison.
Missiles
 x - 8 curare-tipped darts
 J - 11 throwing nets {!f}
Armour
 d - a +2 pair of boots (worn)
   (You found it on level 3 of the Shoals)
 j - a +2 cloak
   (You found it on level 1 of the Dungeon)
 r - a +2 hat of intelligence (worn)
   (You took it off Gastronok on level 3 of the Lair of Beasts)
 v - a +7 tower shield (worn)
   (You took it off a vault warden on level 3 of the Vaults)
 B - a scarf of harm (worn)
   (You found it on level 4 of the Spider Nest)
 L - the +7 ring mail of the Swamp {*Corrode rF+++ Str+3}
   (You found it on level 1 of the Elven Halls)

   Str+3:     It affects your strength (+3).
   rF+++:     It renders you almost immune to fire.
   *Corrode:  It may corrode you when you take damage.
 O - a +2 pair of gloves of dexterity (worn)
   (You found it on level 5 of the Pits of Slime)
 U - the +4 ring mail of Kubias (worn) {rC+ Regen+}
   (You took it off a minotaur in a Gauntlet)

   rC+:       It protects you from cold.
   Regen+:    It increases your rate of health regeneration.
Magical Staves
 b - the staff "Hiwec" (weapon) {rElec SInv Air}
   (You found it on level 2 of a ziggurat)

   [staff of air]

   Base accuracy: +5 Base damage: 5 Base attack delay: 1.2 This weapon's minimum
   attack delay (0.6) is reached at skill level 12.
   rElec:     It insulates you from electricity.
   SInv:      It lets you see invisible.
   Air:       It increases the power of your Air spells.
   It falls into the 'Staves' category.
   It is a one-graspered weapon.
Gizmo
 o - a NW-10 megasamoflange (installed) {rF+ Will+ Clar RMsl}
   (You invented it yourself on level 4 of the Lair of Beasts)

   [NW-10 megasamoflange]

   rF+:       It protects you from fire.
   Will+:     It increases your willpower.
   Clar:      It protects you from confusion, rage, mesmerisation and fear.
   RMsl:      It protects you from missiles.
Wands
 w - a wand of polymorph (26)
   (You found it on level 5 of the Dungeon)
 K - a wand of charming (63)
   (You found it on level 13 of the Dungeon)
 M - a wand of flame (66) {@v4}
   (You found it on level 10 of the Dungeon)
 N - a wand of digging (9) {@v3}
   (You found it on level 2 of the Lair of Beasts)
 Q - a wand of mindburst (12)
   (You took it off a vault sentinel on level 5 of the Vaults)
 S - a wand of light (6) {@v1}
   (You found it on level 12 of the Dungeon)
 W - a wand of iceblast (29) {@v2}
   (You found it on level 3 of the Elven Halls)
Scrolls
 c - 4 scrolls of blinking {@r4}
 f - 9 scrolls of poison {!r}
 i - 7 scrolls of fog {!r}
 m - 13 scrolls of teleportation {@r3 !r}
 u - 6 scrolls of vulnerability
 y - 10 scrolls of fear {!r}
 A - 2 scrolls of immolation
 F - a scroll of silence {!r}
 G - 4 scrolls of butterflies {!r}
Potions
 a - 4 potions of haste {@q4 !q}
 g - 7 potions of magic
 h - 7 potions of mutation
 k - 6 potions of heal wounds {@q2 !q}
 l - 22 potions of curing {@q1 !q}
 n - 9 potions of cancellation
 p - 4 potions of enlightenment
 q - 4 potions of resistance
 s - 2 potions of brilliance
 t - 15 potions of might {@q3 !q}
 D - 4 potions of lignification {@q6}
 H - 5 potions of invisibility
 I - 12 potions of attraction
 R - 7 potions of berserk rage
 Y - 7 potions of ambrosia
Miscellaneous
 z - a Gell's gravitambourine (2/2)
   (You found it on level 5 of the Lair of Beasts)
 C - a phantom mirror
   (You found it on level 5 of the Lair of Beasts)
 V - a sack of spiders (inert)
   (You found it in a Gauntlet)


   Skills:
 - Level 20.0 Fighting
 - Level 0.1 Maces & Flails
 - Level 6.0 Armour
 - Level 4.0 Dodging
 - Level 3.0 Stealth
 O Level 27 Shields
 - Level 1.7 Unarmed Combat
 + Level 16.7 Spellcasting
 - Level 10.0 Conjurations
 - Level 6.0 Necromancy
 - Level 2.0 Translocations
 - Level 16.1 Ice Magic
 - Level 0.8 Air Magic
 - Level 12.0 Earth Magic
 - Level 8.0 Alchemy
 - Level 12.0 Evocations


You had 9 spell levels left.
You knew the following spells:

 Your Spells              Type           Power      Damage    Failure   Level
a - Freeze                Ice            100%       1d10      0%          1
b - Ozocubu's Refrigerat  Ice            35%        4d15      1%          7
c - Dispel Undead         Necr           42%        3d17      2%          4
d - Sculpt Simulacrum     Ice/Alch       30%        N/A       3%          6
e - Permafrost Eruption   Ice/Erth       33%        2x4d8     1%          6
f - Sublimation of Blood  Necr           42%        N/A       1%          2
g - Summon Ice Beast      Ice/Summ       50%        N/A       1%          3
h - Ozocubu's Armour      Ice            71%        N/A       0%          3
i - Lee's Rapid Deconstr  Erth           30%        3d16*     1%          5
p - Passwall              Erth           61%        N/A       1%          3
z - Irradiate             Conj/Alch      26%        3d20      1%          5
V - Swiftness             Air            31%        N/A       7%          3
Y - Blink                 Tloc           50%        N/A       1%          2

Your spell library contained the following spells:

 Spells                   Type           Power      Damage    Failure   Level
 Frozen Ramparts          Ice            100%       1d16      0%          3
 Kiss of Death            Conj/Necr      100%       2d13      1%          1
 Magic Dart               Conj           100%       1d8       1%          1
 Necrotise                Necr           100%       1d9       1%          1
 Shock                    Conj/Air       100%       1d9       1%          1
 Cigotuvi's Dreadful Rot  Necr/Alch/Air  100%       N/A       1%          2
 Ensorcelled Hibernation  Hex/Ice        100%       N/A       1%          2
 Lesser Beckoning         Tloc           50%        N/A       1%          2
 Mercury Vapours          Alch/Air       100%       N/A       1%          2
 Momentum Strike          Conj/Tloc      84%        3d10      1%          2
 Scorch                   Fire           34%        2d6       1%          2
 Static Discharge         Conj/Air       100%       3-8/arc   1%          2
 Dazzling Flash           Conj/Hex       76%        N/A       1%          3
 Fugue of the Fallen      Necr           42%        N/A       1%          3
 Hailstorm                Conj/Ice       64%        3d12      1%          3
 Mephitic Cloud           Conj/Alch/Air  60%        N/A       1%          3
 Stone Arrow              Conj/Erth      100%       3d13      1%          3
 Volatile Blastmotes      Fire/Tloc      42%        2d13      1%          3
 Flame Wave               Conj/Fire      38%        2d10      1%          4
 Ignite Poison            Fire/Alch      33%        N/A       1%          4
 Iskenderun's Mystic Bla  Conj/Tloc      42%        2d10      (+2d51%     4
 Leda's Liquefaction      Alch/Erth      28%        N/A       1%          4
 Petrify                  Alch/Erth      56%        N/A       1%          4
 Sticky Flame             Fire/Alch      33%        2d7       1%          4
 Borgnjor's Vile Clutch   Necr/Erth      26%        N/A       1%          5
 Freezing Cloud           Conj/Ice/Air   35%        6-21      1%          5
 Animate Armour           Summ/Erth      84%        N/A       2%          4
 Animate Dead             Necr           42%        N/A       2%          4
 Metabolic Englaciation   Hex/Ice        25%        N/A       3%          5
 Call Imp                 Summ           34%        N/A       4%          2
 Maxwell's Portable Pile  Tloc           25%        2d(7-21)  4%          3
 Teleport Other           Tloc           25%        N/A       4%          3
 Airstrike                Air            15%        2d(3-19)  7%          4
 Call Canine Familiar     Summ           17%        N/A       10%         3
 Confusing Touch          Hex            17%        N/A       10%         3
 Sigil of Binding         Hex            17%        N/A       10%         3
 Tukima's Dance           Hex            17%        N/A       10%         3
 Anguish                  Hex/Necr       14%        N/A       10%         4
 Martyr's Knell           Necr/Summ      29%        N/A       10%         4
 Orb of Destruction       Conj           28%        9d9       13%         7
 Passage of Golubria      Tloc           25%        N/A       14%         4
 Starburst                Conj/Fire      19%        6d7       17%         6
 Dimensional Bullseye     Hex/Tloc       10%        N/A       22%         4
 Summon Lightning Spire   Summ/Air       28%        N/A       28%         4
 Cause Fear               Hex            8%         N/A       32%         4
 Summon Blazeheart Golem  Fire/Summ      17%        N/A       32%         4
 Death Channel            Necr           21%        N/A       41%         6
 Lehudib's Crystal Spear  Conj/Erth      29%        10d8      52%         8
 Silence                  Hex/Air        14%        N/A       63%         5
 Spellforged Servitor     Conj/Summ      19%        N/A       67%         7
 Polar Vortex             Ice            35%        12d4*     75%         9
 Dispersal                Tloc           12%        N/A       94%         6
 Gell's Gavotte           Tloc           12%        2d(16-24) 94%         6
 Summon Cactus Giant      Summ           8%         N/A       99%         6
 Shatter                  Erth           30%        3d25*     99%         9
 Enfeeble                 Hex            8%         N/A       100%        7
 Haunt                    Necr/Summ      14%        N/A       100%        7
 Manifold Assault         Tloc           12%        N/A       100%        7
 Borgnjor's Revivificati  Necr           21%        N/A       100%        8
 Ignition                 Fire           8%         3d5       100%        8
 Infestation              Necr           21%        N/A       100%        8
 Maxwell's Capacitive Co  Air            15%        ∞         100%        8
 Chain Lightning          Conj/Air       28%        3d37      100%        9
 Death's Door             Necr           21%        N/A       100%        9
 Fire Storm               Conj/Fire      19%        8d5       100%        9


Dungeon Overview and Level Annotations

Branches:
Dungeon (15/15)            Temple (0/1) D:7            Lair (5/5) D:11
 Shoals (4/4) Lair:2       Spider (4/4) Lair:2        Slime (5/5) Lair:5
    Orc (2/2) D:10            Elf (3/3) Orc:2        Vaults (5/5) D:13
  Crypt (3/3) Vaults:3       Tomb (0/3) Crypt:3      Depths (4/4) D:15
    Zot (5/5) Depths:4    Gauntlet (visited)

Altars:
Ashenzari
Cheibriados
Elyvilon
Fedhas
Gozag
Hepliaklqana
Kikubaaqudgha
Makhleb
Nemelex Xobeh
Okawaru
Qazlal
Sif Muna
Trog
Uskayaw
Vehumet
Yredelemnul
Zin
The Shining One
Beogh

Shops:
D:3 *!**   D:4 [   D:5 (   D:11 :   D:13 !   Orc:1 (   Orc:2 [:(!   Shoals:2 (
Shoals:3 ?:[   Vaults:1 =   Vaults:2 ((   Depths:1 [?:   Depths:2 :
Depths:3 !(*

Portals:
Hell: Depths:1 Depths:2 Depths:3 Depths:4
Abyss: Lair:2 Depths:2 Depths:3 Depths:4
Pandemonium: Depths:2

Annotations:
Shoals:1 3 runed translucent doors, exclusion: 3 doors
Spider:3 Bai Suzhen
Orc:1 1 runed translucent door, exclusion: door, Baoqoyrrica's ghost, journeyman FeSh
Elf:2 3 runed translucent doors
Vaults:1 3 runed translucent doors, exclusion: 3 doors, Pomes's ghost, adept DrSh
Vaults:5 1 exclusion
Crypt:2 2 transporters, Wethrebo's ghost, adept DgNe


Innate Abilities, Weirdness & Mutations

You can wield a second weapon in your off-hand.
It takes a long time for you to wield or remove held weapons.
Your first few attacks do less damage.
You cannot equip rings or amulets.
You have a pair of horns on your head.
Your flesh is cold resistant. (rC+)
Armour fits poorly on your strangely shaped body.
You are frail. (-10% HP)
Your magical capacity is low. (-10% MP)
Your system is resistant to poisons. (rPois)
Your natural rate of healing is unusually fast.
You occasionally shout uncontrollably at your foes.
Your spells are a little easier to cast, but a little less powerful.
You occasionally lose the ability to read scrolls when taking damage.


Message History

You climb upwards.
Your summoned ally is left behind.
There is a stone staircase leading down here.
(D) Dungeon (T) Temple (L) Lair (A) Shoals (N) Spider Nest (M) Slime Pits (O) Orcish Mines (E) Elven Halls (V) Vaults (C) Crypt (W) Tomb (U) Depths (H) Hell (Z) Zot
Where to? (Tab/Enter - D:1 @ (x,y), ? - help)
Your magical contamination has completely faded away.
HP restored.
You see here a deep troll skeleton.
Things that are here:
a +0 troll leather armour; an iron troll skeleton You see here 5 large rocks.
There is a staircase back to the Dungeon, spattered with blood here.
You climb upwards.
Welcome back to the Dungeon!
There is a staircase to the Depths, spattered with blood here.
An efreet comes into view.
It is wielding a +4 scimitar of flaming.
Casting: Permafrost Eruption (mildly dangerous; 1% risk of failure)
Press: ? - help, Q - select action, (/) - cycle Dir - look around, f - activate Bitter cold erupts, blasting rock from the ceiling!
The mass of rock hits the efreet!
The efreet is heavily wounded.
Piercing cold boils outward!
The piercing cold hits the efreet!!!
The efreet is frozen!
You kill the efreet!
Vehumet accepts your kill.
You feel your power returning.
(D) Dungeon (T) Temple (L) Lair (A) Shoals (N) Spider Nest (M) Slime Pits (O) Orcish Mines (E) Elven Halls (V) Vaults (C) Crypt (W) Tomb (U) Depths (H) Hell (Z) Zot
Where to? (Tab/Enter - D:1 @ (x,y), ? - help)
Things that are here:
a +0 robe; a +0 dagger; a human skeleton
There is a stone staircase leading up here.
Magic restored.
You climb upwards.
There is a stone staircase leading down here.
There is a stone staircase leading up here.
You climb upwards.
There is a stone staircase leading down here.
There is a stone staircase leading up here.
You climb upwards.
There is a stone staircase leading down here.
There is a stone staircase leading up here.
You climb upwards.
There is a stone staircase leading down here.
There is a stone staircase leading up here.
You climb upwards.
There is a stone staircase leading down here.
There is a stone staircase leading up here.
You climb upwards.
There is a stone staircase leading down here.
There is a stone staircase leading up here.
You climb upwards.
There is a stone staircase leading down here.
Some rock shatters into small pieces.
A cacodemon and a sixfirhy come into view.
Unknown command.
Unknown command.
The sixfirhy moves out of view.
There is a stone staircase leading up here.
You climb upwards.
There is a stone staircase leading down here.
(D) Dungeon (T) Temple (L) Lair (A) Shoals (N) Spider Nest (M) Slime Pits (O) Orcish Mines (E) Elven Halls (V) Vaults (C) Crypt (W) Tomb (U) Depths (H) Hell (Z) Zot
Where to? (Tab/Enter - D:1 @ (x,y), ? - help)
There is a stone staircase leading up here.
You climb upwards.
There is a stone staircase leading down here.
There is a stone staircase leading up here.
You climb upwards.
There is a stone staircase leading down here.
There is an escape hatch in the floor here.
There is a stone staircase leading up here.
You climb upwards.
There is a stone staircase leading down here.
There is a stone staircase leading up here.
You climb upwards.
There is a stone staircase leading down here.
There is a stone staircase leading up here.
You climb upwards.
There is a stone staircase leading down here.
You see here 7 stones.
There is a stone staircase leading up here.
You climb upwards.
There is a stone staircase leading down here.
A neqoxec comes into view.
Unknown command.
Unknown command.
Aiming: Dig
Press: ? - help, Shift-Dir - straight line This square is covered in magical glow.
The rock shatters into small pieces.
Blink to where?
Press: ? - help, Dir - move target
As you read the scroll of blinking {@r4}, it crumbles to dust.
You have escaped!

..#...#...##.P..P..P.##...#...#..
..'...'...##'#.....#'##...'...'..
###...#...##.###'###.##...#...###
.###..#...'...'...'...'...#..###.
...####...#.3.#.>.#...#...##'#...
......#########...#########......
##...........####.##...........##
#####.....................#####
######.....@.....#######
#######.#######...#
#...........#.#
####'###########.##### ###
####.......# #...... ..#
#..........##############
..#######...................#..[.
..##...................####.#.##.
####........##....#......##.#.##.


There were no monsters in sight!

Vanquished Creatures
  the Royal Jelly (Slime:5)
  Dissolution (Slime:3)
  5 dread liches
  2 orbs of fire
  5 ancient liches
  Vv (Crypt:2)
  Boris (Crypt:3)
  4 Killer Klowns
  Margery (Crypt:3)
  Saint Roka (Vaults:2)
  A curse toe (Zot:4)
  A caustic shrike (Depths:1)
  6 golden dragons
  Jory (Crypt:1)
  Nikola (Vaults:1)
  2 bone dragons (Crypt:3)
  3 electric golems
  21 Orb Guardians (Zot:5)
  9 tentacled monstrosities
  5 liches
  6 quicksilver dragons
  2 deep elf blademasters (Elf:3)
  23 acid blobs
  2 titans (Vaults:5)
  6 sphinxes
  2 deep elf master archers (Elf:3)
  14 ancient champions
  Gastronok (Lair:3)
  A searing wretch (Crypt:2)
  A tentacled starspawn (Zig:3)
  An Executioner (Depths:2)
  12 storm dragons
  6 tengu reavers
  A kraken (Shoals:3)
  8 death cobs
  A protean progenitor (Zot:1)
  7 shadow dragons
  14 azure jellies
  3 iron dragons
  7 draconian monks
  5 revenants
  Ilsuiw (Shoals:3)
  3 draconian knights
  6 deep elf sorcerers
  5 frost giants
  12 vault wardens
  11 rockslimes
  2 emperor scorpions (Spider:4)
  13 fire giants
  10 draconian shifters
  7 draconian scorchers
  8 draconian stormcallers
  8 ghost moths
  A curse skull (Crypt:2)
  7 deep elf elementalists
  2 spriggan defenders
  3 reapers
  8 draconian annihilators
  4 orc warlords
  11 ironbound preservers
  13 formless jellyfish
  5 ghouls
  20 quicksilver oozes
  27 very ugly things
  2 juggernaut skeletons (Crypt:3)
  2 broodmothers (Spider:4)
  13 stone giants
  11 vampire knights
  7 green draconians
  5 ironbound thunderhulks
  12 deep elf demonologists
  10 deep elf annihilators
  14 deep elf death magi
  A minotaur (Gauntlet)
  10 white draconians
  10 red draconians
  5 dire elephants
  13 black draconians
  2 war gargoyles
  10 spark wasps
  3 eidola
  12 purple draconians
  13 yellow draconians
  Snorg (D:14)
  15 merfolk impalers
  3 mummy priests (Zig:4)
  A crystal guardian (Vaults:4)
  11 jiangshi
  3 quicksilver dragon zombies
  5 entropy weavers
  4 fire dragons
  6 merfolk javelineers
  7 deep elf high priests
  10 ettins
  4 rakshasas
  15 yaktaur captains
  Fannar (Lair:1)
  A jorogumo (Spider:4)
  8 ice dragons
  A fenstrider witch zombie (Crypt:1)
  31 vault guards
  9 ironbound frosthearts
  A caustic shrike simulacrum (Crypt:2)
  2 ogre magi (Vaults:5)
  The ghost of ongoing the Geomancer, a journeyman DgEE (Lair:2)
  An alligator (Vaults:4)
  8 merfolk aquamancers
  11 great orbs of eyes
  A catoblepas (Lair:4)
  3 radroaches (Spider:4)
  An alligator snapping turtle (Shoals:4)
  6 spriggan air magi
  7 hydras
  21 centaur warriors
  2 peacekeepers (Vaults:4)
  6 two-headed ogres
  3 merfolk avatars
  22 deep troll shamans
  20 dancing weapons
  4 boulder beetles
  2 death knights (Crypt:1)
  14 deep troll earth magi
  A satyr (shapeshifter) (Depths:2)
  3 satyrs
  The ghost of Drangen the Shooter, a novice CoHu of Okawaru (D:8)
  3 occultists
  9 orc high priests
  A bennu skeleton (Crypt:2)
  A storm dragon zombie (Crypt:3)
  13 hell knights
  3 soul eaters
  6 demonic crawlers
  16 tengu warriors
  14 vampire magi
  6 spriggan berserkers
  4 spriggans
  17 deep elf knights
  A sixfirhy (Depths:2)
  3 shock serpents (shapeshifter)
  2 fire crabs (Shoals:3)
  A storm dragon skeleton (D:15)
  5 shadow wraiths
  2 pharaoh ants
  35 skeletal warriors
  7 skysharks
  80 deep trolls
  2 spriggan druids (Depths:1)
  4 glowing orange brains
  20 iron trolls
  A spark wasp zombie (Depths:1)
  11 sea snakes
  An iron giant zombie (Crypt:3)
  5 steelbarb worms
  15 deep elf archers
  An orange crystal statue (Elf:1)
  4 arcanists
  A bog body (Crypt:1)
  4 flayed ghosts
  A spriggan simulacrum (Crypt:1)
  A sun moth (Spider:1)
  A sun moth (shapeshifter) (Elf:3)
  13 ironbound convokers
  7 wolf spider zombies (Spider:2)
  18 phantasmal warriors
  9 orb spiders
  10 lindwurms
  An eye of devastation (shapeshifter) (Depths:2)
  32 harpies
  7 necromancers
  14 orc knights
  2 iron dragon zombies (Crypt:1)
  3 thermic dynamos
  19 deep elf zephyrmancers
  2 obsidian bats (Orc:2)
  13 fauns
  13 wolf spiders
  32 deep elf pyromancers
  7 orc sorcerers
  5 cyclopes
  34 ugly things
  A manticore (shapeshifter) (Depths:4)
  8 shining eyes
  6 elephants (Lair:4)
  11 manticores
  2 frost giant zombies
  An elephant (shapeshifter) (Vaults:5)
  4 kobold blastminers (Orc:2)
  An iron dragon skeleton (Depths:1)
  21 moths of wrath
  11 merfolk sirens
  10 vault sentinels
  A meliai (Spider:4)
  6 water nymphs
  3 eyes of devastation
  A rust devil (Gauntlet)
  A black mamba (Lair:5)
  7 centaur skeletons
  A dire elephant skeleton (Crypt:3)
  A stone giant skeleton (Zig:2)
  An apocalypse crab (Zig:3)
  6 molten gargoyles (D:12)
  A gargoyle (D:14)
  An orange demon (Lair:2)
  11 cane toads
  A torpor snail (shapeshifter) (Depths:4)
  4 rime drakes
  A hellion (Depths:2)
  4 kobold demonologists (D:10)
  4 torpor snails
  2 efreet
  4 freezing wraiths
  A tormentor (Depths:2)
  An iron troll zombie (Crypt:1)
  13 komodo dragons
  46 yaktaurs
  5 tengu conjurers
  An ancient zyme (Lair:2)
  An ice devil (Lair:2)
  10 redback zombies
  2 guardian mummies
  A sea snake skeleton (Crypt:1)
  6 polar bears
  9 trolls
  7 wind drakes
  37 merfolk
  10 hornets
  7 culicivora zombies (Spider:2)
  A hydra skeleton (Crypt:2)
  18 tarantellas
  A merfolk (shapeshifter) (Depths:4)
  21 blink frogs
  10 jumping spiders
  A raiju (Zig:3)
  A boulder beetle zombie (Crypt:3)
  A frost giant simulacrum (Depths:1)
  7 dream sheep
  Grinder (D:5)
  2 glass eyes
  10 tarantella zombies (Spider:2)
  5 snapping turtles
  A meliai zombie (D:12)
  A centaur simulacrum (Crypt:2)
  10 air elementals
  15 culicivoras
  137 slime creatures
  9 wraiths
  2 spriggan skeletons
  4 vampires (Crypt:3)
  A naga simulacrum (Crypt:3)
  4 shadows (Gauntlet)
  7 wyverns
  5 fire elementals
  34 water elementals
  A hog (shapeshifter) (Vaults:5)
  58 yaks
  An ushabti (Zig:2)
  An alligator snapping turtle simulacrum (Crypt:1)
  2 fire bats (Shoals:3)
  2 basilisks
  A wind drake zombie (Crypt:2)
  10 golden eyes
  7 wargs (Orc:2)
  5 vampire mosquitoes
  34 redbacks
  6 steam dragons
  A hydra simulacrum (Crypt:2)
  An acid dragon (D:8)
  16 water moccasins
  A naga skeleton (Crypt:3)
  46 orc warriors
  A sky beast (Depths:3)
  4 ice beasts
  2 black bears
  23 laughing skulls
  An ettin simulacrum (Depths:1)
  9 ogres
  A boggart (D:13)
  A crocodile (shapeshifter) (Lair:2)
  15 centaurs
  A phantom (D:4)
  7 kobold brigands
  10 bullfrogs
  A gnoll sergeant (D:9)
  A draconian zombie (Crypt:1)
  5 scorpions
  5 wights (D:6)
  6 killer bees (D:8)
  A troll zombie (Crypt:2)
  A howler monkey (D:9)
  3 bombardier beetles
  A basilisk zombie (Crypt:3)
  33 orc priests
  3 hounds
  2 sleepcaps
  An iguana (D:7)
  26 orc wizards
  A statue (D:7)
  An acid dragon zombie (Crypt:2)
  14 mummies
  A howler monkey zombie (Crypt:3)
  A howler monkey skeleton (Crypt:3)
  7 gnolls
  8 adders
  A white imp (D:7)
  6 ufetubi
  A dart slug (D:1)
  4 ribbon worms
  106 orcs
  7 ball pythons
  6 bats
  8 endoplasms
  4 giant cockroaches
  4 goblins
  8 hobgoblins
  5 jackals
  4 quokkas
  3 training dummies (Shoals:2)
  An endoplasm zombie (Crypt:1)
  2 frilled lizards (D:1)
  A frilled lizard skeleton (Crypt:3)
  A gnoll zombie (Crypt:3)
  A jackal skeleton (Crypt:2)
  13 kobolds
  5 rats
2540 creatures vanquished.

Vanquished Creatures (collateral kills)
  A bone dragon (Depths:3)
  A death cob (Zot:4)
  2 shadow dragons
  A draconian shifter (Zot:1)
  An emperor scorpion (Spider:4)
  An orc warlord (Vaults:1)
  A draconian scorcher (Zot:2)
  An ironbound thunderhulk (Vaults:1)
  A green draconian (Zot:2)
  A purple draconian (Zot:2)
  A hydra (D:14)
  A skyshark (Shoals:2)
  2 orc knights (Vaults:1)
  3 slime creatures (Slime:5)
  A kobold demonologist (D:10)
  2 howler monkeys (D:9)
  A gnoll (D:9)
22 creatures vanquished.

Vanquished Creatures (others)
  A storm dragon (Zot:1)
  A draconian annihilator (Zot:3)
  A merfolk aquamancer (Shoals:3)
  A shadow wraith (Crypt:3)
  A deep elf zephyrmancer (Elf:3)
  2 air elementals
  A spriggan (Depths:1)
  A water elemental (D:11)
  2 mummies (Crypt:3)
  2 starspawn tentacles (Zig:3)
  4 tentacles (Shoals:3)
17 creatures vanquished.

Grand Total: 2579 creatures vanquished

Notes
Turn   | Place    | Note
-------+----------+-------------------------------------------
     0 | D:1      | EnegeticOcto the Coglin Wanderer began the quest for the
                  | Orb.
     0 | D:1      | EnegeticOcto set off with the following items: a +0 dagger
                  | {Wolf}, a +0 buckler, a scroll of blinking {@r4}, a +0
                  | robe, a potion of lignification {@q6}; and the following
                  | spell memorised: Necrotise; and the following spells
                  | available to memorise: Dispel Undead, Anguish.
     0 | D:1      | Reached XP level 1. HP: 15/15 MP: 2/2
   232 | D:1      | Reached skill level 1 in Stealth
   289 | D:1      | Reached XP level 2. HP: 21/21 MP: 0/3
   526 | D:1      | Reached skill level 2 in Stealth
   730 | D:1      | Reached XP level 3. HP: 26/26 MP: 4/4
  1610 | D:2      | Learned a level 1 spell: Kiss of Death
  2049 | D:2      | Reached skill level 1 in Ice Magic
  2469 | D:3      | Found a faded altar of an unknown god.
  2512 | D:3      | Found Egauna Juac's General Store.
  2526 | D:3      | Bought a scroll of identify for 26 gold pieces
  2526 | D:3      | Bought a scroll of identify for 26 gold pieces
  2526 | D:3      | Bought a potion of curing for 39 gold pieces
  2600 | D:3      | Found Xoubbaaz's Assorted Antiques.
  2723 | D:3      | Found Qafaveum's General Store.
  2793 | D:3      | Reached skill level 2 in Ice Magic
  2793 | D:3      | Reached XP level 4. HP: 28/32 MP: 2/5
  2903 | D:3      | Found Rakhlo Uxtiuf's Distillery.
  2968 | D:3      | Learned a level 3 spell: Frozen Ramparts
  3004 | D:3      | Reached XP level 5. HP: 30/37 MP: 1/7
  3014 | D:3      | Reached skill level 3 in Ice Magic
  3292 | D:3      | Bought a potion of degeneration for 14 gold pieces
  3457 | D:4      | Reached skill level 2 in Spellcasting
  3582 | D:3      | Bought a scroll labelled DUTUOS NEMAO for 32 gold pieces
  3675 | D:4      | Found Qokiuch's Antique Armour Emporium.
  3737 | D:4      | Noticed an ice beast
  3806 | D:4      | Noticed a phantom
  4101 | D:4      | Killed a phantom
  4102 | D:4      | Reached XP level 6. HP: 25/43 MP: 9/9
  4519 | D:5      | Entered Level 5 of the Dungeon
  4560 | D:5      | Reached skill level 4 in Ice Magic
  4680 | D:5      | Learned a level 1 spell: Freeze
  4684 | D:5      | Learned a level 3 spell: Ozocubu's Armour
  4917 | D:5      | Reached skill level 2 in Fighting
  4950 | D:4      | Reached skill level 3 in Spellcasting
  5026 | D:5      | Reached XP level 7. HP: 31/51 MP: 1/11
  5371 | D:5      | Learned a level 2 spell: Blink
  5379 | D:5      | Noticed Grinder
  5657 | D:6      | Reached skill level 3 in Fighting
  5882 | D:6      | Reached skill level 5 in Ice Magic
  5988 | D:6      | Reached XP level 8. HP: 60/60 MP: 7/13
  6173 | D:6      | Reached skill level 4 in Fighting
  6173 | D:6      | Reached skill level 4 in Spellcasting
  6658 | D:6      | Noticed a wraith
  6698 | D:6      | Killed a wraith
  6699 | D:6      | Reached skill level 5 in Fighting
  6699 | D:6      | Reached skill level 6 in Ice Magic
  6995 | D:3      | Bought a scroll of fear for 44 gold pieces
  7131 | D:5      | Found Aduituhaot's Antique Weapon Shoppe.
  7143 | D:5      | Reached skill level 7 in Ice Magic
  7285 | D:5      | Killed Grinder
  7286 | D:5      | Reached XP level 9. HP: 42/68 MP: 10/15
  7524 | D:5      | Found a glowing silver altar of Zin.
  7525 | D:5      | Noticed an angel
  7716 | D:5      | Found an iron altar of Okawaru.
  7776 | D:7      | Reached skill level 8 in Ice Magic
  8043 | D:7      | Reached skill level 2 in Evocations
  8156 | D:7      | Reached skill level 1 in Translocations
  8361 | D:7      | Reached skill level 3 in Evocations
  8469 | D:7      | Reached skill level 2 in Translocations
  8617 | D:7      | Reached skill level 3 in Stealth
  8810 | D:7      | Found a white marble altar of Elyvilon.
  8818 | D:7      | Reached skill level 5 in Spellcasting
  8818 | D:7      | Reached skill level 4 in Evocations
  9143 | D:3      | Bought a scroll of enchant armour for 97 gold pieces
  9515 | D:7      | Found a radiant altar of Vehumet.
  9534 | D:7      | Became a worshipper of Vehumet
  9553 | D:7      | Noticed Joseph
  9554 | D:7      | Joseph changed into Joseph the blink frog
  9554 | D:7      | Noticed Joseph
  9564 | D:7      | Killed Joseph the blink frog
  9667 | D:7      | Found a staircase to the Ecumenical Temple.
  9676 | D:7      | Reached XP level 10. HP: 68/76 MP: 12/18
  9868 | D:8      | Found a snail-covered altar of Cheibriados.
  9959 | D:8      | Noticed Drangen's ghost (novice CoHu)
 10092 | D:8      | Found a transporter.
 10106 | D:8      | Reached skill level 6 in Fighting
 10560 | D:8      | Found a transporter.
 10796 | D:8      | Reached * piety under Vehumet
 10796 | D:8      | Offered knowledge of Sting by Vehumet.
 10839 | D:8      | Reached skill level 6 in Spellcasting
 11005 | D:9      | Noticed a manticore
 11019 | D:9      | Killed a manticore
 11020 | D:9      | Reached skill level 9 in Ice Magic
 11155 | D:9      | Found a blossoming altar of Fedhas.
 11510 | D:9      | Noticed a two-headed ogre
 11514 | D:9      | Reached skill level 7 in Fighting
 12079 | D:9      | Killed a two-headed ogre
 12949 | D:10     | Entered Level 10 of the Dungeon
 12997 | D:10     | Found a staircase to the Orcish Mines.
 13000 | D:10     | Noticed a kobold demonologist
 13019 | D:10     | Killed a kobold demonologist
 13048 | D:10     | Reached skill level 8 in Fighting
 13129 | D:10     | Found a roughly hewn altar of Beogh.
 13152 | D:10     | Reached skill level 10 in Ice Magic
 13257 | D:10     | Learned a level 3 spell: Swiftness
 13326 | D:10     | Found a hazy altar of Hepliaklqana.
 13330 | D:10     | Found a basalt altar of Yredelemnul.
 13330 | D:10     | Found a shimmering blue altar of Sif Muna.
 13331 | D:10     | Found a glowing golden altar of the Shining One.
 13331 | D:10     | Found an opulent altar of Gozag.
 13332 | D:10     | Found a hide-covered altar of Uskayaw.
 13387 | D:10     | Noticed a kobold demonologist
 13387 | D:10     | Noticed a kobold demonologist
 13401 | D:10     | Noticed a rust devil
 13401 | D:10     | Killed a kobold demonologist
 13402 | D:10     | Reached skill level 1 in Dodging
 13413 | D:10     | Killed a kobold demonologist
 13414 | D:10     | Reached XP level 11. HP: 85/86 MP: 11/20
 13428 | D:10     | Reached skill level 5 in Evocations
 13506 | D:10     | Noticed a centaur warrior
 13506 | D:10     | Noticed a two-headed ogre
 13559 | D:10     | Killed a two-headed ogre
 13560 | D:10     | Reached skill level 2 in Dodging
 13568 | D:10     | Killed a centaur warrior
 13669 | D:10     | Reached ** piety under Vehumet
 13669 | D:10     | Offered knowledge of Sandblast by Vehumet.
 13670 | D:10     | Reached skill level 6 in Evocations
 13673 | D:10     | Reached skill level 3 in Dodging
 13970 | D:10     | Found a broken altar of Ashenzari.
 13974 | D:10     | Found a stormy altar of Qazlal.
 13979 | D:10     | Found an ancient bone altar of Kikubaaqudgha.
 14045 | D:11     | Reached skill level 7 in Spellcasting
 14049 | D:11     | Reached skill level 7 in Evocations
 14311 | D:11     | Found a staircase to the Lair.
 14388 | D:11     | Reached skill level 4 in Dodging
 14442 | D:11     | Learned a level 5 spell: Irradiate
 14574 | D:11     | Noticed a two-headed ogre
 14588 | D:11     | Killed a two-headed ogre
 14589 | D:11     | Reached skill level 1 in Conjurations
 14589 | D:11     | Reached skill level 1 in Alchemy
 14693 | D:11     | Reached skill level 2 in Alchemy
 14700 | D:11     | Reached skill level 2 in Conjurations
 14794 | D:11     | Found Milocutz's Book Emporium.
 14928 | D:11     | Noticed a cyclops
 14953 | D:11     | Killed a cyclops
 15217 | D:11     | Reached skill level 3 in Alchemy
 15242 | D:11     | Reached XP level 12. HP: 87/92 MP: 20/23
 15282 | D:11     | Found a large runed translucent door.
 15282 | D:11     | Found a large runed translucent door.
 15284 | D:11     | Noticed Sonja
 15285 | D:11     | Sonja changed into Sonja the harpy
 15285 | D:11     | Noticed Sonja
 15297 | D:11     | Killed Sonja the harpy
 15298 | D:11     | Reached skill level 3 in Conjurations
 15612 | D:11     | Reached skill level 4 in Alchemy
 15828 | Lair:1   | Entered Level 1 of the Lair of Beasts
 15884 | Lair:1   | Offered knowledge of Static Discharge by Vehumet.
 15885 | Lair:1   | Reached skill level 8 in Spellcasting
 16005 | Lair:1   | Noticed Fannar
 16225 | Lair:1   | Reached skill level 4 in Conjurations
 16263 | Lair:1   | Reached skill level 5 in Alchemy
 16562 | Lair:1   | Reached *** piety under Vehumet
 16639 | Lair:1   | Reached skill level 6 in Alchemy
 16676 | Lair:1   | Reached skill level 5 in Conjurations
 16716 | Lair:1   | Killed Fannar
 17067 | Lair:1   | Offered knowledge of Iskenderun's Mystic Blast by Vehumet.
 17630 | Lair:2   | Upgraded the game from 0.32-a0-913-g739538afd8 to
                  | 0.32-a0-918-g0f22ef8d61
 17630 | Lair:2   | Found a staircase to the Shoals.
 17647 | Lair:2   | Reached skill level 9 in Spellcasting
 17649 | Lair:2   | Reached skill level 7 in Alchemy
 17825 | Lair:2   | Found a hole to the Spider Nest.
 17835 | Lair:2   | Learned a level 5 spell: Freezing Cloud
 17877 | Lair:2   | Reached skill level 6 in Conjurations
 17932 | Lair:2   | Found a transporter.
 18109 | Lair:2   | Reached XP level 13. HP: 87/98 MP: 18/26
 18170 | Lair:2   | Reached skill level 8 in Alchemy
 18251 | Lair:2   | Reached skill level 7 in Conjurations
 18623 | Lair:2   | Found a transporter.
 18624 | Lair:2   | Noticed ongoing's ghost (journeyman DgEE)
 18639 | Lair:2   | Found a one-way gate to the infinite horrors of the Abyss.
 18772 | Lair:3   | Reached skill level 8 in Conjurations
 18800 | Lair:3   | Reached **** piety under Vehumet
 18803 | Lair:3   | Offered knowledge of Volatile Blastmotes by Vehumet.
 18894 | Lair:3   | Reached skill level 9 in Conjurations
 19130 | Lair:3   | Noticed Gastronok
 19214 | Lair:3   | Killed Gastronok
 19377 | Lair:3   | Reached skill level 10 in Conjurations
 19577 | Lair:4   | Reached skill level 1 in Earth Magic
 19914 | Lair:4   | Reached skill level 2 in Earth Magic
 19914 | Lair:4   | Reached skill level 8 in Evocations
 19991 | Lair:4   | Found a burning altar of Makhleb.
 20015 | Lair:4   | Reached skill level 3 in Earth Magic
 20020 | Lair:4   | Reached skill level 9 in Fighting
 20402 | Lair:4   | Reached XP level 14. HP: 102/108 MP: 16/27
 20404 | Lair:4   | Reached skill level 4 in Earth Magic
 20405 | Lair:4   | Acquired a NW-10 megasamoflange {rF+ Will+ Clar RMsl}
 20467 | Lair:4   | Reached ***** piety under Vehumet
 20635 | Lair:4   | Offered knowledge of Starburst by Vehumet.
 20809 | Lair:5   | Entered Level 5 of the Lair of Beasts
 20916 | Lair:5   | Noticed a dire elephant
 20920 | Lair:5   | Reached skill level 5 in Earth Magic
 21046 | Lair:5   | Reached skill level 10 in Fighting
 21071 | Lair:5   | Reached skill level 6 in Earth Magic
 21413 | Lair:5   | Found a staircase to the Slime Pits.
 21485 | Lair:5   | Reached skill level 7 in Earth Magic
 21781 | Lair:5   | Killed a dire elephant
 22178 | Lair:5   | Reached skill level 8 in Earth Magic
 23302 | D:12     | Reached skill level 9 in Earth Magic
 23865 | Orc:1    | Entered Level 1 of the Orcish Mines
 24103 | Orc:1    | Found a runed translucent door.
 24104 | Orc:1    | Noticed Baoqoyrrica's ghost (journeyman FeSh)
 24379 | Orc:1    | Found Parunt's Weapon Shop.
 24511 | Orc:1    | Found a roughly hewn altar of Beogh.
 24691 | Orc:2    | Entered Level 2 of the Orcish Mines
 24977 | Orc:2    | Reached skill level 10 in Earth Magic
 25014 | Orc:2    | Found a roughly hewn altar of Beogh.
 25140 | Orc:2    | Found Awinel's Distillery.
 25233 | Orc:2    | Bought a potion of magic for 112 gold pieces
 25233 | Orc:2    | Bought a potion of haste for 140 gold pieces
 25233 | Orc:2    | Bought a potion of might for 56 gold pieces
 25233 | Orc:2    | Bought a potion of berserk rage for 70 gold pieces
 25240 | Orc:2    | Found Pomuh's Antique Weapon Shop.
 25250 | Orc:2    | Reached XP level 15. HP: 110/115 MP: 22/28
 25264 | Orc:2    | Bought a twisted dagger for 252 gold pieces
 25264 | Orc:2    | Identified the +6 dagger of Abuse {drain, Fly rElec rPois
                  | rC- Dex-3} (You bought it in a shop on level 2 of the
                  | Orcish Mines)
 25370 | Orc:2    | Noticed an orc warlord
 25391 | Orc:2    | Killed an orc warlord
 26086 | Orc:2    | HP: 3/115 [warg (12)]
 26374 | Orc:2    | Noticed an orc warlord
 26384 | Orc:2    | Killed an orc warlord
 26644 | Orc:2    | Reached ****** piety under Vehumet
 26804 | Orc:2    | Offered knowledge of Lee's Rapid Deconstruction by Vehumet.
 26966 | Orc:2    | Found Tiepraff's Armour Shop.
 27048 | Orc:2    | Found a roughly hewn altar of Beogh.
 27075 | Orc:2    | Found Plog's Book Boutique.
 27414 | Orc:2    | Found a staircase to the Elven Halls.
 27814 | D:11     | Bought a book of the Earth for 576 gold pieces
 27821 | D:11     | Learned a level 6 spell: Permafrost Eruption
 27824 | D:11     | Learned a level 2 spell: Sublimation of Blood
 28338 | D:13     | Reached skill level 11 in Earth Magic
 28433 | D:13     | Reached skill level 10 in Spellcasting
 28529 | D:13     | Reached skill level 11 in Ice Magic
 28689 | D:13     | Found Vuzeinon's Distillery.
 28697 | D:13     | Bought a potion of invisibility for 96 gold pieces
 28697 | D:13     | Bought a potion of heal wounds for 60 gold pieces
 29172 | D:13     | Reached skill level 2 in Shields
 30336 | D:13     | Found a gate to the Vaults.
 30458 | D:14     | Found a gate leading to a gauntlet.
 30630 | Gauntlet | Entered a Gauntlet
 30630 | Gauntlet | Found a transporter.
 30630 | Gauntlet | Found a transporter.
 30719 | Gauntlet | Found a transporter.
 30722 | Gauntlet | Found a transporter.
 30734 | Gauntlet | Found a transporter.
 30736 | Gauntlet | Found a transporter.
 30746 | Gauntlet | Found a transporter.
 30751 | Gauntlet | Found a transporter.
 30770 | Gauntlet | Found a transporter.
 30774 | Gauntlet | Found a transporter.
 30784 | Gauntlet | Found a transporter.
 30788 | Gauntlet | Found a transporter.
 31429 | Gauntlet | Identified the +0 helmet of the Blind Marksman {*Corrode
                  | Will+++ Dex+2 Stlth-}
 31459 | Gauntlet | Identified the +4 falchion of Luwiun {freeze, rN+}
 31459 | Gauntlet | Identified the +4 ring mail of Kubias {rC+ Regen+}
 31495 | Gauntlet | Identified the ring "Edunikorch" {Fire *Slow rCorr Dex+6}
 31744 | D:14     | Noticed Snorg
 31747 | D:14     | Killed Snorg
 31748 | D:14     | Reached skill level 2 in Armour
 32124 | D:14     | Offered knowledge of Ozocubu's Refrigeration by Vehumet.
 32125 | D:14     | Reached skill level 3 in Shields
 32125 | D:14     | Reached XP level 16. HP: 124/124 MP: 12/30
 32149 | D:14     | Learned a level 7 spell: Ozocubu's Refrigeration
 32500 | D:14     | Reached skill level 3 in Armour
 32703 | D:15     | Entered Level 15 of the Dungeon
 33206 | D:15     | Reached skill level 4 in Armour
 33825 | D:15     | Found a staircase to the Depths.
 34306 | D:15     | Reached skill level 4 in Shields
 34310 | D:15     | Reached skill level 5 in Armour
 35912 | D:12     | Reached skill level 12 in Ice Magic
 36751 | D:12     | Reached skill level 6 in Armour
 37507 | D:12     | Reached skill level 5 in Shields
 37766 | D:12     | Offered knowledge of Bombard by Vehumet.
 38384 | D:12     | Found a faded altar of an unknown god.
 38592 | D:8      | Killed Drangen's ghost
 38957 | Shoals:1 | Entered Level 1 of the Shoals
 39423 | Shoals:1 | Identified the +2 robe of Mimouf {Fly rF+}
 39795 | Lair:2   | Reached skill level 13 in Ice Magic
 39796 | Lair:2   | Reached XP level 17. HP: 57/129 MP: 17/31
 40289 | Shoals:1 | Identified the amulet of Doblycvu {Spirit Str-5 Int+2
                  | Dex+3}
 40974 | Shoals:1 | Found a runed translucent gate.
 40975 | Shoals:1 | Found a runed translucent gate.
 40976 | Shoals:1 | Found a runed translucent gate.
 41377 | Shoals:2 | Found Xituulo's Firing Range.
 42061 | Shoals:2 | Reached skill level 11 in Spellcasting
 42204 | Shoals:2 | Offered knowledge of Orb of Destruction by Vehumet.
 43416 | Shoals:2 | Reached skill level 14 in Ice Magic
 44535 | Shoals:3 | Found Damelel's Book Emporium.
 44963 | Shoals:3 | Noticed Ilsuiw
 44970 | Shoals:3 | Killed Ilsuiw
 45093 | Shoals:3 | Reached skill level 12 in Spellcasting
 45667 | Shoals:3 | Found Uvuag's Armour Shoppe.
 45670 | Shoals:3 | Found Eroklana's Magic Scroll Shoppe.
 46257 | Shoals:3 | Noticed a kraken
 46271 | Shoals:3 | Killed a kraken
 46272 | Shoals:3 | Reached skill level 15 in Ice Magic
 46449 | Shoals:4 | Entered Level 4 of the Shoals
 46769 | Shoals:4 | Paralysed by an air elemental for 1 turns
 47005 | Shoals:4 | Paralysed by an air elemental for 1 turns
 47006 | Shoals:4 | Offered knowledge of Iskenderun's Battlesphere by Vehumet.
 47007 | Shoals:4 | Reached XP level 18. HP: 131/136 MP: 21/34
 48547 | Shoals:4 | Reached skill level 16 in Ice Magic
 49290 | Shoals:4 | Found a stormy altar of Qazlal.
 49474 | Shoals:4 | Identified the +3 flail of Uncomfortable Rashes {freeze,
                  | rN+ Will+ Int+2}
 50007 | Shoals:4 | Paralysed by a formless jellyfish for 1 turns
 50011 | Shoals:4 | Paralysed by a formless jellyfish for 1 turns
 50014 | Shoals:4 | Paralysed by a formless jellyfish for 1 turns
 50739 | Shoals:4 | Found the +3 Mad Mage's Maulers {Infuse+∞ VampMP -Cast}
 50745 | Shoals:4 | Got a barnacled rune of Zot
 50845 | Shoals:4 | Reached skill level 6 in Shields
 50966 | Shoals:4 | Reached skill level 11 in Fighting
 51193 | Shoals:4 | Reached skill level 9 in Evocations
 51324 | Shoals:4 | Found a bloodstained altar of Trog.
 51607 | Spider:1 | Entered Level 1 of the Spider Nest
 53396 | Spider:2 | Reached skill level 12 in Earth Magic
 53715 | Spider:2 | Reached skill level 10 in Evocations
 54572 | Spider:2 | Offered knowledge of Lehudib's Crystal Spear by Vehumet.
 55641 | Spider:3 | Upgraded the game from 0.32-a0-918-g0f22ef8d61 to
                  | 0.32-a0-921-g04a7ad8e02
 56104 | Spider:3 | Reached skill level 7 in Shields
 56454 | Spider:3 | Reached XP level 19. HP: 146/146 MP: 4/35
 56912 | Spider:3 | Reached skill level 12 in Fighting
 57509 | Spider:4 | Entered Level 4 of the Spider Nest
 57578 | Spider:4 | Gained mutation: You do not regenerate when monsters are
                  | visible. [mutagenic glow]
 57636 | Spider:3 | Lost mutation: You do not regenerate when monsters are
                  | visible. [potion of mutation]
 57636 | Spider:3 | Gained mutation: Your natural rate of healing is unusually
                  | fast. [potion of mutation]
 57696 | Spider:4 | Noticed Bai Suzhen
 57872 | Spider:4 | Reached skill level 11 in Evocations
 61701 | Spider:4 | Got a gossamer rune of Zot
 62139 | Elf:1    | Entered Level 1 of the Elven Halls
 62348 | Elf:1    | Identified the +0 robe of Fortification {Str+3 Int+2}
 62852 | Elf:1    | Reached skill level 12 in Evocations
 63586 | Elf:1    | Reached skill level 8 in Shields
 63760 | Elf:1    | Identified the +7 ring mail of the Swamp {*Corrode rF+++
                  | Str+3}
 64252 | Elf:1    | Reached skill level 13 in Fighting
 64707 | Elf:1    | Got the Omnibus of the Mirage
 64765 | Elf:1    | Offered knowledge of Shatter by Vehumet.
 64765 | Elf:1    | Offered knowledge of Polar Vortex by Vehumet.
 64765 | Elf:1    | Offered knowledge of Maxwell's Capacitive Coupling by
                  | Vehumet.
 64771 | Elf:1    | Reached skill level 13 in Spellcasting
 65211 | Elf:1    | Learned a level 3 spell: Summon Ice Beast
 65217 | Elf:1    | Learned a level 5 spell: Lee's Rapid Deconstruction
 65687 | Elf:2    | Reached XP level 20. HP: 157/157 MP: 12/37
 66971 | Elf:1    | Found a shimmering blue altar of Sif Muna.
 67305 | Elf:2    | Reached skill level 9 in Shields
 67461 | Elf:2    | Found a runed translucent gate.
 67464 | Elf:2    | Found a runed translucent gate.
 67464 | Elf:2    | Found a runed translucent gate.
 67526 | Elf:3    | Entered Level 3 of the Elven Halls
 67911 | Elf:3    | Reached skill level 14 in Fighting
 70379 | Elf:3    | Identified the +1 trident of Infinity {venom, rN++}
 71085 | Elf:3    | Identified the ring of Waxkus {Fire rPois Str+3 Dex-5}
 71630 | Elf:3    | Reached skill level 14 in Spellcasting
 72155 | Elf:3    | Identified the +10 dagger "Jiuxesm" {holy, Int+7}
 72155 | Elf:3    | Identified the ring "Waecasubuo" {rElec Int+6 Dex+3}
 72794 | Vaults:1 | Entered Level 1 of the Vaults
 72937 | Vaults:1 | Reached skill level 10 in Shields
 73204 | Vaults:1 | Reached skill level 15 in Fighting
 73673 | Vaults:1 | Reached XP level 21. HP: 89/169 MP: 10/39
 73873 | Vaults:1 | Found Qewnerph's Jewellery Boutique.
 74658 | Vaults:1 | Noticed Nikola
 74667 | Vaults:1 | Killed Nikola
 74851 | Vaults:1 | Found a runed translucent gate.
 74853 | Vaults:1 | Noticed Pomes's ghost (adept DrSh)
 74854 | Vaults:1 | Found a runed translucent gate.
 74854 | Vaults:1 | Found a runed translucent gate.
 74860 | Vaults:1 | Found a roughly hewn altar of Beogh.
 75394 | Vaults:2 | Reached skill level 16 in Fighting
 75968 | Vaults:2 | Found Wyedas's Antique Weapon Shop.
 75972 | Vaults:2 | Noticed Saint Roka
 75979 | Vaults:2 | Killed Saint Roka
 76200 | Vaults:2 | You fall into a shaft and drop 1 floor!
 76529 | Vaults:3 | Identified the +0 leather armour "Dutherch" {-Cast rPois
                  | Regen+ SInv}
 76745 | Vaults:3 | Reached skill level 11 in Shields
 76992 | Vaults:3 | Reached skill level 17 in Fighting
 77180 | Vaults:3 | Reached skill level 15 in Spellcasting
 77698 | Vaults:3 | Gained mutation: You have hidden genetic defects.
                  | [mutagenic glow]
 77947 | Vaults:3 | Reached skill level 18 in Fighting
 78167 | Vaults:3 | Found a staircase to the Crypt.
 78268 | Vaults:3 | Noticed a dread lich
 78287 | Vaults:3 | Killed a dread lich
 79048 | Vaults:2 | Gained mutation: You are frail. (-10% HP) [hidden defects]
 79053 | Vaults:3 | Lost mutation: You have hidden genetic defects. [potion of
                  | mutation]
 79053 | Vaults:3 | Lost mutation: You are frail. (-10% HP) [potion of
                  | mutation]
 79053 | Vaults:3 | Gained mutation: You have a pair of small horns on your
                  | head. [potion of mutation]
 79053 | Vaults:3 | Gained mutation: You have a pair of horns on your head.
                  | [potion of mutation]
 79262 | Vaults:2 | Reached XP level 22. HP: 186/186 MP: 41/41
 79321 | Vaults:2 | Reached skill level 12 in Shields
 79534 | Vaults:2 | Reached skill level 19 in Fighting
 80014 | Vaults:2 | Found Riwyit's Weapon Shop.
 81066 | Depths:1 | Entered Level 1 of the Depths
 82544 | Depths:1 | Found Oruuhac's Armour Shop.
 82546 | Depths:1 | Found Yffaimpu's Magic Scroll Boutique.
 82548 | Depths:1 | Found Sanuora's Book Shop.
 82554 | Depths:1 | Bought a scroll of butterflies for 56 gold pieces
 82878 | Depths:1 | Found a gateway to Hell.
 83769 | Depths:1 | Noticed a caustic shrike
 83773 | Depths:1 | Killed a caustic shrike
 84768 | Depths:2 | Reached skill level 13 in Shields
 84913 | Depths:2 | Reached skill level 20 in Fighting
 85796 | Depths:1 | Learned a level 6 spell: Sculpt Simulacrum
 85801 | Depths:1 | Learned a level 4 spell: Dispel Undead
 86110 | Depths:2 | Found Jissaliq's Book Emporium.
 86515 | Depths:2 | Reached XP level 23. HP: 196/196 MP: 27/42
 86521 | Depths:2 | Reached skill level 4 in Necromancy
 86778 | Depths:2 | Found a one-way gate leading to the halls of Pandemonium.
 86961 | Depths:2 | Reached skill level 16 in Spellcasting
 87105 | Depths:2 | Reached skill level 5 in Necromancy
 87834 | Depths:2 | Identified the +8 plate armour of Riahudwi {rF++ Str+2}
 87865 | Depths:2 | Noticed a golden dragon
 87869 | Depths:2 | Killed a golden dragon
 87870 | Depths:2 | Reached skill level 6 in Necromancy
 88196 | Depths:3 | Reached skill level 14 in Shields
 88391 | Depths:3 | Found Kaett's Antique Weapon Shop.
 88430 | Depths:3 | Found Japlall's Assorted Antiques.
 88438 | Depths:3 | Bought a potion of heal wounds for 230 gold pieces
 89412 | Depths:3 | Found a portal to a secret trove of treasure.
 89421 | Depths:3 | You paid a toll of 15 scrolls of teleportation to enter a
                  | treasure trove
 89422 | Trove    | Entered a treasure trove
 89457 | Trove    | Identified the +0 scale mail of the Ego {Rampage +Inv rCorr
                  | Dex-5}
 89458 | Trove    | Identified the +0 leather armour "Uteiko" {Fly rF++ Will+
                  | Str-5}
 89594 | Depths:1 | Bought a scroll of teleportation for 42 gold pieces
 89594 | Depths:1 | Bought a scroll of poison for 56 gold pieces
 89594 | Depths:1 | Bought a scroll of revelation for 105 gold pieces
 89764 | Shoals:3 | Bought a scroll of teleportation for 54 gold pieces
 89764 | Shoals:3 | Bought a scroll of teleportation for 54 gold pieces
 89764 | Shoals:3 | Bought 3 scrolls of teleportation for 162 gold pieces
 89764 | Shoals:3 | Bought a scroll of immolation for 72 gold pieces
 89764 | Shoals:3 | Bought a scroll of fog for 72 gold pieces
 89764 | Shoals:3 | Bought a scroll of enchant armour for 135 gold pieces
 90016 | Depths:3 | Reached skill level 15 in Shields
 91192 | Depths:3 | Found a one-way gateway to a ziggurat.
 91340 | Depths:3 | Found Lecwofu's Distillery.
 91348 | Depths:3 | Bought a potion of haste for 120 gold pieces
 91348 | Depths:3 | Bought a potion of heal wounds for 60 gold pieces
 91348 | Depths:3 | Bought a potion of curing for 36 gold pieces
 91348 | Depths:3 | Bought 2 potions of cancellation for 192 gold pieces
 91573 | Depths:4 | Entered Level 4 of the Depths
 92045 | Depths:4 | Reached XP level 24. HP: 204/204 MP: 23/43
 92305 | Depths:4 | Reached skill level 16 in Shields
 94670 | Depths:4 | Found a gate to the Realm of Zot.
 95299 | Depths:4 | Found a sparkling altar of Nemelex Xobeh.
 96456 | Crypt:1  | Entered Level 1 of the Crypt
 96867 | Crypt:1  | Reached skill level 17 in Shields
 98662 | Crypt:1  | Noticed Jory
 98669 | Crypt:1  | Killed Jory
100027 | Crypt:2  | Noticed Wethrebo's ghost (adept DgNe)
100027 | Crypt:2  | Found a transporter.
100027 | Crypt:2  | Found a transporter.
100027 | Crypt:2  | Identified the +3 ring mail "Gupareus" {Rampage Dex+2}
100794 | Crypt:2  | Identified the +2 robe of Roiheazyg {rC++ rN+ Int-3
                  | Archmagi}
101038 | Crypt:3  | Entered Level 3 of the Crypt
101038 | Crypt:3  | Noticed Vv
101193 | Crypt:3  | Reached skill level 18 in Shields
102308 | Crypt:2  | Killed Vv
103074 | Crypt:3  | Reached XP level 25. HP: 193/210 MP: 14/43
103547 | Crypt:3  | Identified the ring of Baess {rN++ Str+6}
104273 | Crypt:3  | Reached skill level 19 in Shields
104807 | Crypt:3  | Identified the +6 rapier of Tenacity {speed, +Blink Int+2
                  | SInv}
104807 | Crypt:3  | Identified the ring "Enwiem" {rN+ Str+3}
105243 | Crypt:3  | Identified the +3 robe of the Moon {Harm ^Drain Int+2 SInv}
105243 | Crypt:3  | Noticed Boris
105258 | Crypt:3  | Noticed Margery
105261 | Crypt:3  | Killed Boris
105589 | Crypt:3  | Killed Margery
106279 | Crypt:3  | Found a staircase to the Tomb.
106532 | Crypt:3  | Found a basalt altar of Yredelemnul.
106588 | Crypt:3  | Found an ancient bone altar of Kikubaaqudgha.
106663 | Crypt:3  | Got Gasewnoqo's Codex of the Wayfarer
106666 | Crypt:3  | Reached XP level 26. HP: 218/218 MP: 43/43
107113 | Slime:1  | Entered Level 1 of the Pits of Slime
107261 | Slime:1  | Gained mutation: You have hidden genetic potential. [a
                  | shining eye]
107570 | Slime:1  | Reached skill level 20 in Shields
109066 | Slime:3  | Noticed Dissolution
109070 | Slime:3  | Gained mutation: Your spells are a little easier to cast,
                  | but a little less powerful. [a shining eye]
109191 | Slime:3  | Killed Dissolution
111386 | Slime:4  | Paralysed by a formless jellyfish for 1 turns
112722 | Slime:5  | Entered Level 5 of the Pits of Slime
113136 | Slime:5  | Noticed the Royal Jelly
114731 | Slime:5  | Reached skill level 21 in Shields
115782 | Slime:5  | Paralysed by a formless jellyfish for 1 turns
116736 | Slime:5  | Killed the Royal Jelly
117251 | Slime:5  | Reached XP level 27. HP: 224/224 MP: 31/43
117956 | Slime:5  | Identified the staff "Useff" {rN+ Earth}
117959 | Slime:5  | Identified the +9 great sword "Mosch" {antimagic, Str+2}
117960 | Slime:5  | Identified the +4 arbalest of the Heavens {flame, rPois}
117971 | Slime:5  | Got a slimy rune of Zot
119574 | Lair:2   | Killed ongoing's ghost
120525 | Depths:1 | Bought a scroll of enchant armour for 105 gold pieces
120530 | Depths:1 | Learned a level 3 spell: Passwall
120592 | Zot:1    | Entered Level 1 of the Realm of Zot
121056 | Zot:1    | You are sucked into a shaft and drop 1 floor!
122913 | Zot:1    | Reached skill level 22 in Shields
124079 | Zot:1    | Gained mutation: Your system is resistant to poisons.
                  | (rPois) [hidden potential]
126646 | Zot:2    | Noticed an orb of fire
126656 | Zot:2    | Gained mutation: Armour fits poorly on your strangely
                  | shaped body. [an orb of fire]
126658 | Zot:2    | Gained mutation: Your magical capacity is low. (-10% MP)
                  | [an orb of fire]
126663 | Zot:2    | Killed an orb of fire
126782 | Zot:2    | Identified the +0 plate armour of the Candlemaker {Dex+3}
129279 | Zot:3    | Reached skill level 23 in Shields
129553 | Zot:3    | Identified the orb of Jadgh {mayhem, rF+ Will+ Int+3}
135849 | Zot:4    | Reached skill level 24 in Shields
136104 | Zot:4    | Identified a scroll of acquirement
136113 | Zot:4    | Acquired 730 gold pieces
136312 | Zig:1    | Entered Level 1 of a ziggurat
136381 | Zig:2    | Entered Level 2 of a ziggurat
136465 | Zig:2    | Identified the staff "Hiwec" {rElec SInv Air}
136487 | Zig:3    | Entered Level 3 of a ziggurat
136636 | Zig:4    | Entered Level 4 of a ziggurat
136808 | Zig:5    | Entered Level 5 of a ziggurat
136872 | Zig:5    | Identified the +4 bardiche of Ydigh {holy, rF+}
138402 | Vaults:4 | Gained mutation: Your flesh is cold resistant. (rC+)
                  | [hidden potential]
138402 | Vaults:4 | Lost mutation: You have hidden genetic potential. [hidden
                  | potential expressed]
138594 | Vaults:4 | Noticed Zenata
139173 | Vaults:4 | Zenata changed into Zenata the alligator
139173 | Vaults:4 | Noticed Zenata
139175 | Vaults:4 | Killed Zenata the alligator
139482 | Vaults:5 | Entered Level 5 of the Vaults
139491 | Vaults:5 | Identified the amulet "Moefygg" {Rampage *Corrode rF+ rC+++
                  | RegenMP+ Dex-5}
140010 | Vaults:5 | Reached skill level 25 in Shields
140304 | Vaults:5 | Identified the ring "Zouf" {Str+3 Int+6 Dex+3}
140829 | Vaults:5 | Identified the +2 helmet of Dice, Bag, and Bottle {Dex+6}
140830 | Vaults:5 | Identified the +6 dagger of Zoem {antimagic, Dex+2}
141785 | Vaults:5 | Identified the +8 morningstar of Ycafel {elec, rPois rF+}
142209 | Vaults:5 | Identified the +2 scimitar of Deflation {holy, rN+ Int+4}
142252 | Vaults:5 | Noticed an ancient lich
142257 | Vaults:5 | Killed an ancient lich
142599 | Vaults:5 | Identified the +3 whip "Inkarel" {vamp, Stlth+}
142652 | Vaults:5 | Identified the +0 leather armour of Godiudef {rElec rC-
                  | Str+3 SInv}
144586 | Vaults:5 | Got the Textbook on Chilling Bewitchment
144973 | Vaults:5 | Got a silver rune of Zot
145002 | Vaults:5 | Reached skill level 26 in Shields
145054 | Vaults:5 | Noticed a dread lich
145062 | Vaults:5 | Killed a dread lich
146082 | Zot:5    | Entered Level 5 of the Realm of Zot
147682 | Zot:5    | Noticed an ancient lich
147726 | Zot:5    | Killed an ancient lich
149755 | Zot:5    | Noticed an orb of fire
149761 | Zot:5    | Gained mutation: You occasionally lose the ability to read
                  | scrolls when taking damage. [an orb of fire]
149765 | Zot:5    | Gained mutation: You occasionally shout uncontrollably at
                  | your foes. [an orb of fire]
149766 | Zot:5    | Killed an orb of fire
152373 | Zot:5    | Noticed an ancient lich
152379 | Zot:5    | Killed an ancient lich
152383 | Zot:5    | Reached skill level 27 in Shields
152394 | Zot:5    | Noticed an ancient lich
152399 | Zot:5    | Killed an ancient lich
152399 | Zot:5    | Noticed a dread lich
152403 | Zot:5    | Killed a dread lich
152411 | Zot:5    | Noticed a dread lich
152422 | Zot:5    | Killed a dread lich
152737 | Zot:5    | Noticed an ancient lich
152739 | Zot:5    | Noticed a dread lich
152749 | Zot:5    | Killed a dread lich
152752 | Zot:5    | Killed an ancient lich
152910 | Zot:5    | Got the Orb of Zot
152914 | Zot:5    | Noticed an orb of fire
152915 | Zot:5    | Gained mutation: You are frail. (-10% HP) [an orb of fire]
153303 | D:$      | Escaped with the Orb!

Illustrated notes

Levels and vault maps discovered:
D:1:      dpeg_arrival_water_fire, layout_basic, minmay_octomino_j4
D:2:      layout_basic
D:3:      layout_rooms, serial_shops, nicolae_square_shop,
          nicolae_shop_industrial_runoff, shop, shop,
          hellmonk_ecumenical_altar_crossroads, minmay_ruptured
D:4:      layout_basic, serial_shops, nicolae_shop_tiny_statue_garden
D:5:      layout_loops_ring, zin_angel, mainiacjoe_overflow_alcove_2,
          serial_shops, nicolae_shop_real_fake_doors, minivault_24, uniq_grinder
D:6:      layout_basic
D:7:      layout_basic, vehumet_statue, elyvilon_altar_5, temple_green,
          grunt_ministairs_12, minmay_misc_feat_square, uniq_joseph
D:8:      layout_basic, slow_altar_1, gammafunk_ghost_hive
D:9:      layout_basic, mainiacjoe_overflow_tiny_flanked
D:10:     layout_loops_ring, grunt_temple_overflow_open,
          grunt_temple_overflow_diamond, minmay_orc_entry_temple_small
D:11:     layout_grid_maze, minmay_lair_entry_grove, serial_shops,
          nicolae_book_shop_shelving, lightli_elemental_guards, uniq_sonja
D:12:     regret_index_infernal_bastille, layout_irregular_city
D:13:     layout_irregular_city, hangedman_vaults_entry_quadrant_bands,
          serial_shops, nicolae_shop_industrial_runoff,
          eino_small_chamber_without_monster, lemuel_old_faithful
D:14:     layout_long_grid, gauntlet_entry_generic, kennysheep_nondescript,
          uniq_snorg
D:15:     gammafunk_depths_entry_grave, layout_stronghold, abandoned_shop
Lair:1:   layout_small_grid, serial_bayou_shore_b, grunt_megastairs_3,
          uniq_fannar
Lair:2:   layout_roguey, minmay_shoals_entry_beasts,
          nicolae_spider_entry_orb_guardian, gammafunk_ghost_abyssal_escape
Lair:3:   layout_roguey, grunt_megastairs_1, lemuel_fruit_fields, uniq_gastronok
Lair:4:   layout_loops_ring, basic_altar, grunt_megastairs_5
Lair:5:   gammafunk_lair_ancient_temple, layout_regular_city, slime_entry_1,
          bobbens_dragon_lair_wall
Shoals:1: nicolae_shoals_offshore_bank_account, layout_shoals,
          nicolae_shoals_beach_cooler
Shoals:2: layout_shoals, nicolae_shop_firing_range
Shoals:3: layout_shoals, serial_shops, nicolae_lakefront_shop,
          nicolae_shop_window_shopping, shop, hangedman_shoal_volcano,
          uniq_ilsuiw
Shoals:4: shoals_end_hellmonk_storm_palace [storm_palace_center_square,
          storm_palace_corner_narrow, storm_palace_corner_altar,
          storm_palace_corner_altar, storm_palace_corner_narrow]
Spider:1: layout_chambers
Spider:2: lemuel_spider_zombies
Spider:3: layout_spider_delve
Spider:4: grunt_spider_rune_parallel, uniq_bai_suzhen
Slime:1:  layout_caves
Slime:2:  layout_caves
Slime:3:  layout_caves, basic_altar, uniq_dissolution
Slime:4:  layout_caves
Slime:5:  slime_pit_nicolae_block_by_block
Orc:1:    layout_caves, gammafunk_ghost_grave, serial_shops,
          nicolae_shop_bloodbath_and_beyond, lemuel_statue_altar
Orc:2:    pubby_orc_utopia
Elf:1:    layout_geoelf_diagonals, minmay_elf_demonology, minivault_16,
          lemuel_upstairs_altar
Elf:2:    nicolae_elf_blades_crystal_corner, layout_geoelf_octagon
Elf:3:    elf_hall, layout_loops_cross
Vaults:1: biasface_ghost_orc_armoury, nicolae_vaults_twisting_passages,
          nicolae_vaults_little_squares_2, nicolae_vaults_murderbox,
          nicolae_vaults_diamond_1, nicolae_vaults_apartment_1,
          ontoclasm_vaults_tryst, v_misc_8, nicolae_vaults_trapezoid_lopsided_1,
          nicolae_vaults_trapezoid_lopsided_3, layout_vaults_big_room,
          serial_shops, nicolae_shop_peninsula, uniq_nikola
Vaults:2: hangedman_vaults_restitches, v_misc_19, nicolae_vaults_network_s,
          vaults_mumra_lcd, nicolae_vaults_shipping_containers_7,
          ontoclasm_vaults_chip, hangedman_vaults_restitches,
          nicolae_vaults_taking_the_gang_shopping,
          nicolae_vaults_sesquioval_fish, vaults_room_stairs_pillars,
          nicolae_vaults_trapezoid_lopsided_3, layout_vaults_omnibox,
          serial_shops, shop_fountains, uniq_saint_roka
Vaults:3: vaults_room_pools, nicolae_vaults_alarming,
          minmay_crypt_entry_simple_corners, nicolae_vaults_spaceships,
          v_misc_30, nicolae_vaults_you_can_take_it_with_you,
          nicolae_vaults_border_crossing, v_alt_pattern_6, v_misc_16,
          nicolae_vaults_tetromino_T_1, layout_vaults_omnicross
Vaults:4: v_misc_33, vaults_mumra_minichess, vaults_room_pools, v_misc_16,
          nicolae_vaults_sealed_display, layout_vaults_omnigrid, uniq_zenata
Vaults:5
Crypt:1:  layout_chaotic_city, st_stairs_2, uniq_jory
Crypt:2:  layout_misc_corridors, gammafunk_ghost_arena
Crypt:3:  lightli_unholy_cathedral, layout_chaotic_city,
          nicolae_tomb_entry_unfolded_pyramid_diagonal, minivault_11,
          grunt_ministairs_6, corner_web_ring, uniq_margery, uniq_vv, uniq_boris
Depths:1: layout_cave_shapes, nicolae_wwwww, hangedman_geh_valley, drop_trap,
          kilobyte_rumbling_trees, minmay_shop_star, firewood_loft,
          serial_bayou_shore_b
Depths:2: evilmike_hourglass, layout_cave_pools, grunt_pan_entry_spiral,
          hangedman_decor_push, serial_shops, shop, pf_coc_iceberg, abyss_entry,
          small_chamber_with_monster, solitary_fountain
Depths:3: hangedman_cross_stitches, layout_gridlike, enter_ziggurat_c,
          enter_trove_5, nicolae_abyss_entry_one_way_or_another, hell_entry,
          serial_shops, nicolae_diamond_shop, nicolae_shop_peninsula,
          minmay_shop_grid_forest
Depths:4: evilmike_zot_entry_diamond, layout_cave_pools, minmay_parallelograms,
          hell_entry, abyss_entry_small_statue_room, nicolae_twisting_strands,
          nemelex_lonely_heart_becter
Zot:1:    layout_misc_corridors, hangedman_zot_decor_unnerving_road, st_stairs_5
Zot:2:    layout_cathedral_of_symmetry, regret_index_zotdec_glowing_original,
          grunt_ministairs_2, regret_index_zotdec_banners
Zot:3:    layout_misc_corridors, st_stairs_10
Zot:4:    layout_twisted_circle
Zot:5:    layout_cathedral_of_symmetry

Skill      XL: |  1  2  3  4  5  6  7  8  9 10 11 12 13 14 15 16 17 18 19 20 21 22 23 24 25 26 27 |
---------------+----------------------------------------------------------------------------------+-----
Stealth        | 1 2 3 |  3.0
Ice Magic      | 2 3 4 5 7 8 10 11 13 15 16 | 16.1
Spellcasting   | 2 3 4 5 6 7 9 10 12 13 14 15 16 | 16.7
Fighting       | 2 3 5 8 9 10 11 13 15 18 20 | 20.0
Evocations     | 4 7 8 10 12 | 12.0
Translocations | 2 |  2.0
Dodging        | 1 4 |  4.0
Conjurations   | 2 6 10 | 10.0
Alchemy        | 3 7 8 |  8.0
Earth Magic    | 3 10 11 12 | 12.0
Shields        | 3 5 7 8 10 11 13 15 18 19 21 27 | 27.0
Armour         | 2 6 |  6.0
Necromancy     | 6 |  6.0
Maces & Flails | |  0.1
Unarmed Combat | |  1.7
Air Magic      | |  0.8

Action                     |  1- 3 |  4- 6 |  7- 9 | 10-12 | 13-15 | 16-18 | 19-21 | 22-24 | 25-27 || total
---------------------------+-------+-------+-------+-------+-------+-------+-------+-------+-------++-------
  Melee: Dagger            |    44 |       |   123 |   396 |   458 |       |    58 |    39 |    39 ||  1157
         Flail             |    21 |    61 |       |       |       |       |       |    29 |    10 ||   121
         Mace              |    18 |    64 |       |       |       |       |       |       |       ||    82
         Trident           |       |    11 |    85 |       |       |       |       |       |       ||    96
         Spear             |       |     2 |   131 |       |       |       |       |       |       ||   133
         Short sword       |       |       |   204 |   400 |   416 |       |       |       |       ||  1020
         Staff             |       |       |       |       |     7 |   205 |    64 |       |    62 ||   338
         Headbutt          |       |       |       |       |       |       |       |    25 |    37 ||    62
  Throw: Dart              |     2 |     3 |       |    10 |     9 |       |       |       |       ||    24
         Throwing net      |       |       |       |       |     3 |       |       |       |       ||     3
   Cast: Necrotise         |    58 |     2 |       |       |       |       |       |       |       ||    60
         Frozen Ramparts   |       |    10 |    24 |    57 |    14 |       |       |       |       ||   105
         Freeze            |       |     9 |     1 |       |     1 |       |       |       |       ||    11
         Ozocubu's Armour  |       |       |    31 |    53 |    45 |     4 |     2 |       |       ||   135
         Blink             |       |       |       |     5 |    10 |     7 |     1 |    15 |     6 ||    44
         Irradiate         |       |       |       |     3 |   116 |    47 |    43 |    67 |   116 ||   392
         Freezing Cloud    |       |       |       |     1 |   115 |     5 |       |       |       ||   121
         Permafrost Erupti |       |       |       |       |    84 |   379 |   215 |   244 |   518 ||  1440
         Ozocubu's Refrige |       |       |       |       |       |   152 |   357 |   374 |   679 ||  1562
         Lee's Rapid Decon |       |       |       |       |       |       |     2 |     6 |    12 ||    20
         Sublimation of Bl |       |       |       |       |       |       |     4 |       |   190 ||   194
         Dispel Undead     |       |       |       |       |       |       |       |   111 |    88 ||   199
         Passwall          |       |       |       |       |       |       |       |       |     3 ||     3
         Summon Ice Beast  |       |       |       |       |       |       |       |       |     1 ||     1
Ability: Invent Gizmo      |       |       |       |       |     1 |       |       |       |       ||     1
  Evoke: Wand              |       |       |     1 |     6 |     2 |     8 |    25 |     8 |    49 ||    99
         Phantom mirror    |       |       |       |       |     1 |     1 |     1 |     1 |     2 ||     6
         Gell's gravitambo |       |       |       |       |       |     2 |     5 |     3 |     5 ||    15
         Sack of spiders   |       |       |       |       |       |     1 |     3 |     1 |     4 ||     9
    Use: Scroll            |     4 |     3 |     4 |     8 |    14 |     4 |     3 |     3 |    37 ||    80
         Potion            |       |     3 |     3 |       |     2 |     1 |     7 |     5 |    24 ||    45
   Stab: Sleeping          |     2 |     2 |       |       |     5 |       |       |       |       ||     9
         Betrayed ally     |       |       |       |     1 |       |       |       |       |       ||     1
         Held in net/web   |       |       |       |       |       |     1 |       |       |       ||     1
         Confused          |       |       |       |       |       |       |     1 |       |       ||     1
         Distracted        |       |       |       |       |       |       |       |       |     1 ||     1
         Invisible         |       |       |       |       |       |       |       |       |     1 ||     1
 Armour: Robe              |    37 |    79 |   121 |       |       |       |       |       |       ||   237
         Skin              |       |    32 |       |       |       |       |       |       |     4 ||    36
         Scale mail        |       |       |   138 |   115 |       |       |       |       |       ||   253
         Troll leather arm |       |       |       |   292 |   606 |       |       |       |       ||   898
         Ring mail         |       |       |       |       |     8 |   585 |   349 |   357 |   402 ||  1701
  Dodge: Dodged            |    29 |    50 |   120 |   230 |   423 |   312 |    98 |   116 |    86 ||  1464
         Repelled          |       |       |       |       |    28 |    51 |    34 |    27 |    83 ||   223
  Block: Buckler           |    10 |       |     1 |       |    21 |   155 |   121 |    14 |       ||   322
         Kite shield       |       |       |       |       |       |       |       |   263 |    80 ||   343
         Reflection        |       |       |       |       |       |       |       |     5 |     4 ||     9
         Tower shield      |       |       |       |       |       |       |       |       |   439 ||   439

Table legend: (Time is in decaauts)
 A = Elapsed time spent in this place.
 B = Non-inter-level travel time spent in this place.
 C = Inter-level travel time spent in this place.
 D = Time resting spent in this place.
 E = Time spent auto-exploring this place.
 F = Levels seen in this place.
 G = Mean time per level.
                   A        B        C        D        E       F      G
               +--------+--------+--------+--------+--------+-----+--------+
         Total | 154113 | 144359 |   9754 |  62702 |  61561 |  62 | 2485.7 |
       Dungeon |  30033 |  26307 |   3726 |   7568 |  13819 |  15 | 2002.2 |
          Lair |   8718 |   7680 |   1038 |   1404 |   4637 |   5 | 1743.6 |
        Shoals |  12625 |  12034 |    591 |   5112 |   5496 |   4 | 3156.2 |
   Spider Nest |  10329 |  10014 |    315 |   3736 |   5092 |   4 | 2582.2 |
    Slime Pits |  12039 |  11737 |    302 |   7636 |   2938 |   5 | 2407.8 |
  Orcish Mines |   4270 |   3993 |    277 |    632 |   2619 |   2 | 2135.0 |
   Elven Halls |  10295 |  10151 |    144 |   5096 |   4047 |   3 | 3431.7 |
        Vaults |  18839 |  17140 |   1699 |   6082 |   8480 |   5 | 3767.8 |
         Crypt |   9277 |   9059 |    218 |   3942 |   3820 |   3 | 3092.3 |
        Depths |  13973 |  13187 |    786 |   6876 |   4853 |   4 | 3493.2 |
           Zot |  21955 |  21303 |    652 |  13773 |   5359 |   5 | 4391.0 |
      Ziggurat |    667 |    667 |      0 |    396 |     84 |   5 |  133.4 |
         Trove |     62 |     62 |      0 |      0 |      0 |   1 |   62.0 |
      Gauntlet |   1024 |   1024 |      0 |    447 |    314 |   1 | 1024.0 |
               +--------+--------+--------+--------+--------+-----+--------+

Top non-repeatable levels by time:
   Zot:2: 7318 daAuts
   Zot:5: 6746 daAuts
Vaults:5: 6194 daAuts
 Slime:5: 6071 daAuts
   Elf:3: 4863 daAuts
Shoals:4: 4713 daAuts
Vaults:3: 4483 daAuts
Depths:3: 4454 daAuts
 Crypt:3: 4334 daAuts
    D:12: 4228 daAuts
Spider:4: 4060 daAuts
Depths:2: 3510 daAuts
    D:15: 3504 daAuts
Vaults:1: 3502 daAuts
Depths:1: 3486 daAuts

Table legend:
 A = Kills in this place as a percentage of kills in the entire game.
 B = Kills by you in this place as a percentage of kills by you in the entire game.
 C = Kills by friends in this place as a percentage of kills by friends in the entire game.
 D = Other kills in this place as a percentage of other kills in the entire game.
 E = Experience gained in this place as a percentage of experience gained in the entire game.
 F = Experience gained in this place divided by the number of levels of this place that you have seen.
                   A       B       C       D       E      F
               +-------+-------+-------+-------+-------+----------------------
         Total | 100.0 | 100.0 | 100.0 | 100.0 | 100.0 | 25389.2
       Dungeon |  15.2 |  15.2 |  22.7 |   0.0 |   6.0 | 6328.4
          Lair |   7.3 |   7.3 |   0.0 |   0.0 |   4.0 | 12605.0
        Shoals |   7.5 |   7.5 |   4.5 |  16.7 |   6.3 | 24786.5
   Spider Nest |   6.4 |   6.5 |   4.5 |   0.0 |   4.5 | 17559.8
    Slime Pits |   6.5 |   6.4 |  13.6 |   0.0 |   6.8 | 21377.4
  Orcish Mines |   7.6 |   7.7 |   0.0 |   0.0 |   1.7 | 13547.0
   Elven Halls |   6.3 |   6.3 |   0.0 |  16.7 |   7.7 | 40496.0
        Vaults |  14.2 |  14.2 |  22.7 |   0.0 |  18.6 | 58436.8
         Crypt |   7.9 |   7.9 |   0.0 |  16.7 |   9.1 | 47869.0
        Depths |  11.8 |  11.8 |   4.5 |  16.7 |  15.9 | 62477.5
           Zot |   8.0 |   7.8 |  27.3 |  33.3 |  18.2 | 57448.6
      Ziggurat |   0.9 |   1.0 |   0.0 |   0.0 |   1.0 | 2993.6
      Gauntlet |   0.3 |   0.3 |   0.0 |   0.0 |   0.2 | 3411.0
               +-------+-------+-------+-------+-------+----------------------
